[Event "Titled Tuesday Blitz January 11 2022"]
[White "Lenderman, Aleksandr"]
[Black "Mokshanov, Alexey"]
[WhiteFideId "2021285"]
[BlackFideId "24121657"]
[WhiteElo "2651"]
[BlackElo "2141"]
[Result "1-0"]
[Round "09"]
[TimeControl "180+1"]
[Date "2022.01.11"]
[WhiteClock "0:00:15"]
[BlackClock "0:00:17"]

1. Nf3 d5 2. e3 Nf6 3. c4 e6 4. Nc3 Be7 5. b3 dxc4 6. Bxc4 a6 7. Bb2 b5 8. Be2 Bb7 9. O-O O-O 10. a4 b4 11. Nb1 c5 12. d3 Nd5 13. Qc2 Nd7 14. Rc1 Bf6 15. Nbd2 Bxb2 16. Qxb2 Nc3 17. Nb1 Nxe2+ 18. Qxe2 Bxf3 19. gxf3 Ne5 20. Rxc5 Nxd3 21. Rc4 Ne5 22. Rd4 Qf6 23. Nd2 Nc6 24. Ne4 Qg6+ 25. Kh1 Nxd4 26. exd4 Rfd8 27. Rg1 Qf5 28. Qe3 Rac8 29. Rg5 Qh3 30. Rg3 Qh4 31. Rg4 Qh3 32. d5 Rxd5 33. Nf6+ Kh8 34. Nxd5 exd5 35. Rg3 Qe6 36. Qd4 f6 37. Qxb4 Qe5 38. Rxg7 Kxg7 39. Qg4+ Kh6 40. Qxc8 d4 41. Qd7 Qf4 42. Kg2 Qg5+ 43. Qg4 d3 44. Qxg5+ Kxg5 45. Kf1 Kf4 46. Ke1 Kxf3 47. b4 Ke4 48. Kd2 Kd4 49. b5 axb5 50. axb5 Kc5 51. Kxd3 Kxb5 52. Ke4 Kc6 53. Kf5 1-0


[Site "https://www.chess.com"]

[Event "Titled Tuesday Blitz January 11 2022"]
[White "Lysyj, Igor"]
[Black "Samunenkov, Ihor"]
[WhiteFideId "4150120"]
[BlackFideId "14187086"]
[WhiteElo "2611"]
[BlackElo "2406"]
[Result "1-0"]
[Round "09"]
[TimeControl "180+1"]
[Date "2022.01.11"]
[WhiteClock "0:00:02"]
[BlackClock "0:00:01"]

1. d4 d5 2. Nf3 Nf6 3. g3 c5 4. dxc5 e6 5. Bg2 Bxc5 6. c4 O-O 7. O-O d4 8. Ne5 Qc7 9. Nd3 e5 10. b3 Be7 11. Bg5 Nc6 12. Nd2 Be6 13. Rc1 Rad8 14. Bxf6 Bxf6 15. b4 Be7 16. b5 Nb4 17. Qa4 Nxd3 18. exd3 b6 19. Rce1 Rfe8 20. Qd1 Bb4 21. h3 f6 22. Kh2 Bf7 23. Be4 g6 24. Bc6 Re7 25. Re2 Be8 26. Bxe8 Rdxe8 27. Ne4 Kg7 28. g4 f5 29. gxf5 gxf5 30. Ng3 Rf7 31. f4 Bd6 32. Rf3 Kh8 33. Kg2 Rg8 34. Kh1 Qb7 35. Rg2 exf4 36. Nh5 Rxg2 37. Kxg2 Re7 38. Kf2 Re3 39. Nf6 Qg7 40. Nd5 Rxf3+ 41. Qxf3 Qg3+ 42. Ke2 Kg7 43. a4 Qh2+ 44. Kf1 Qg3 45. Ke2 Kg6 46. Qf2 Kg5 47. Qf3 h6 48. h4+ Kxh4 49. Nf6 Kg5 50. Nd7 1-0


[Site "https://www.chess.com"]

[Event "Titled Tuesday Blitz January 11 2022"]
[White "Manukyan, Artyom"]
[Black "Krivonosov, Oleg"]
[WhiteFideId "13305786"]
[BlackFideId "11600349"]
[WhiteElo "2034"]
[BlackElo "2455"]
[Result "1/2-1/2"]
[Round "09"]
[TimeControl "180+1"]
[Date "2022.01.11"]
[WhiteClock "0:00:08"]
[BlackClock "0:00:15"]

1. e4 e5 2. Nf3 Nc6 3. Bb5 Nf6 4. O-O Nxe4 5. Re1 Nd6 6. Nxe5 Nxe5 7. Rxe5+ Be7 8. Bd3 O-O 9. Nc3 c6 10. b3 Ne8 11. Bb2 d5 12. Qh5 Nf6 13. Qh4 Be6 14. Rae1 h6 15. Qa4 Bd6 16. R5e2 Nd7 17. b4 Qh4 18. g3 Qxb4 19. Qxb4 Bxb4 20. Rb1 Bd6 21. Ree1 Nc5 22. Bf1 Bf5 23. d3 Rfe8 24. Ba3 Rxe1 25. Rxe1 Nxd3 26. Bxd3 Bxa3 27. Bxf5 Bb4 28. Rb1 Bxc3 29. Rxb7 c5 30. Rc7 Bd4 31. Rd7 g6 32. Bd3 c4 33. Bf1 Bb6 34. Rxd5 Rc8 35. Rd7 c3 36. Bg2 Rc7 37. Rxc7 Bxc7 38. Bd5 Kg7 39. Kg2 f5 40. f3 Kf6 41. Bb3 Ke5 42. g4 f4 43. Kf2 Kd4 44. Ke2 g5 45. h3 Bd6 46. Bg8 a5 47. Bb3 Ba3 48. Ba4 Bc1 49. Bb3 Be3 50. Bg8 Bd2 51. Bf7 Kc5 52. Kd3 Kb4 53. Bg8 Ka3 54. Bf7 Kb2 55. Bg8 Kc1 56. Bb3 Kd1 57. Ke4 Ke2 58. Bd5 Kf2 59. Kf5 Kg3 60. Kg6 Kh4 61. Kxh6 Bc1 62. Kg6 Ba3 63. Bc4 Be7 64. Kf7 Bd8 65. Ke8 Bf6 66. Kf7 Bd4 67. Kg6 Bc5 68. Kf5 Bb6 69. Bd5 Bd8 70. Ke4 Kxh3 71. Kd3 Bf6 72. Kc4 Kg3 73. Kb5 Bd8 74. a4 Kf2 75. Kc4 Bf6 76. Kb5 Bd8 77. Kc4 Bf6 78. Kb5 Bd8 1/2-1/2


[Site "https://www.chess.com"]

[Event "Titled Tuesday Blitz January 11 2022"]
[White "Matinian, Nikita"]
[Black "Triapishko, Alexandr"]
[WhiteFideId "24129100"]
[BlackFideId "14122286"]
[WhiteElo "2422"]
[BlackElo "2479"]
[Result "0-1"]
[Round "09"]
[TimeControl "180+1"]
[Date "2022.01.11"]
[WhiteClock "0:00:03"]
[BlackClock "0:00:05"]

1. e4 c6 2. Nc3 d5 3. Nf3 Bg4 4. h3 Bxf3 5. Qxf3 Nf6 6. g3 e6 7. Bg2 Bc5 8. O-O O-O 9. e5 Nfd7 10. Qe2 Bd4 11. Kh1 Bxe5 12. f4 Bf6 13. g4 h6 14. d3 Na6 15. Bd2 Re8 16. g5 hxg5 17. fxg5 Bxg5 18. Rg1 Bxd2 19. Qxd2 f5 20. d4 Qf6 21. Raf1 Nc7 22. Ne2 Nb5 23. c3 Nd6 24. Nf4 Qh6 25. Bf3 e5 26. Rg6 Nc4 27. Qc1 Qh4 28. Rfg1 Re7 29. Bg4 exf4 30. Bxf5 Rf8 31. Be6+ Rxe6 32. Rxg7+ Kh8 33. Qf1 Ne3 34. Qf3 Rh6 0-1


[Site "https://www.chess.com"]

[Event "Titled Tuesday Blitz January 11 2022"]
[White "Maximov, Dmitry"]
[Black "Araujo Sanchez, Josue"]
[WhiteFideId "14105659"]
[BlackFideId "6416896"]
[WhiteElo "2494"]
[BlackElo "2357"]
[Result "1-0"]
[Round "09"]
[TimeControl "180+1"]
[Date "2022.01.11"]
[WhiteClock "0:00:06"]
[BlackClock "0:00:02"]

1. e4 c5 2. Nf3 d6 3. c3 Nf6 4. Bc4 Nxe4 5. Qa4+ Nc6 6. Bxf7+ Kxf7 7. Qxe4 d5 8. Qf4+ Kg8 9. d4 Qd6 10. dxc5 Qxc5 11. O-O e6 12. Re1 Qd6 13. Qe3 Bd7 14. b3 Qc7 15. Nbd2 Bd6 16. c4 Nb4 17. Bb2 h6 18. Rac1 Nc6 19. cxd5 exd5 20. Qd3 Qa5 21. Qg6 Bf8 22. Rxc6 bxc6 23. Bxg7 Bxg7 24. Re7 Qc3 25. Rxd7 Qf6 26. Qg3 Rh7 27. h4 Rf8 28. Nf1 Kh8 29. Rd6 Qe7 30. Rxc6 Bf6 31. h5 Rg8 32. Qf4 Bg5 33. Qd4+ Rhg7 34. Ng3 Kh7 35. Nxg5+ Kh8 36. Rxh6# 1-0


[Site "https://www.chess.com"]

[Event "Titled Tuesday Blitz January 11 2022"]
[White "Muradli, Mahammad"]
[Black "Janaszak, Dawid"]
[WhiteFideId "13409301"]
[BlackFideId "1119206"]
[WhiteElo "2645"]
[BlackElo "2199"]
[Result "0-1"]
[Round "09"]
[TimeControl "180+1"]
[Date "2022.01.11"]
[WhiteClock "0:00:02"]
[BlackClock "0:00:07"]

1. Nf3 c5 2. c4 g6 3. Nc3 Bg7 4. d4 cxd4 5. Nxd4 Nc6 6. Nc2 d6 7. g3 Nf6 8. Bg2 O-O 9. O-O Be6 10. Ne3 Qd7 11. Re1 Rac8 12. Qd2 Rfd8 13. Rd1 Bh3 14. Bh1 Ng4 15. Nxg4 Bxg4 16. b3 Bxe2 17. Re1 Bg4 18. Bb2 Ne5 19. Nd5 e6 20. Ne3 Nf3+ 21. Bxf3 Bxf3 22. Bxg7 Kxg7 23. Qd4+ e5 24. Qxa7 Qh3 25. Rad1 Bxd1 26. Rxd1 Ra8 27. Qb6 Qe6 28. a4 d5 29. Qb5 dxc4 30. Rxd8 Rxd8 31. bxc4 Rd2 32. Qxb7 Qf6 33. Qg2 Ra2 34. h4 Rxa4 35. Qe4 h5 36. Qc2 Ra1+ 37. Kg2 Qc6+ 38. Nd5 Ra5 39. Qe4 Qe6 40. Kg1 Rc5 41. Ne3 Rc8 42. Nd5 f5 43. Qe2 Kf7 44. Ne3 e4 45. Nd5 Qe5 46. Ne3 Qd4 47. Kg2 Rc7 48. Qa2 Qc5 49. Qa6 Ra7 0-1


[Site "https://www.chess.com"]

[Event "Titled Tuesday Blitz January 11 2022"]
[White "Narayanan.S.L"]
[Black "Aradhya, Garg"]
[WhiteFideId "5058422"]
[BlackFideId "25006746"]
[WhiteElo "2494"]
[BlackElo "2169"]
[Result "1-0"]
[Round "09"]
[TimeControl "180+1"]
[Date "2022.01.11"]
[WhiteClock "0:00:17"]
[BlackClock "0:00:06"]

1. c4 e5 2. Nc3 Nf6 3. Nf3 Nc6 4. d3 g6 5. g3 d5 6. cxd5 Nxd5 7. Bg2 Nxc3 8. bxc3 Bg7 9. O-O O-O 10. Ba3 Re8 11. Nd2 Be6 12. Rb1 Rb8 13. Qa4 Bd5 14. Bxd5 Qxd5 15. Qc4 Red8 16. Qxd5 Rxd5 17. Rb3 f5 18. Rfb1 b6 19. c4 Rd7 20. Nf3 e4 21. dxe4 fxe4 22. Ng5 Na5 23. Rb4 Rd2 24. Kf1 Bf8 25. Ra4 Rxa2 26. Rxa5 Rxa3 27. Rxa3 Bxa3 28. Ra1 Be7 29. Nxe4 a5 30. e3 Kf7 31. Ke2 Ke6 32. f4 c6 33. c5 Kd5 34. Kd3 Bxc5 35. Nf6+ Ke6 36. Nxh7 Rd8+ 37. Ke2 Kf5 38. Ng5 Kg4 39. h3+ Kxg3 40. Rg1+ Kh4 41. Ne6 Rg8 42. f5 g5 43. Rg4+ Kxh3 44. Kf3 a4 45. Nxg5+ Kh2 46. Kf2 Rxg5 47. Rh4# 1-0


[Site "https://www.chess.com"]

[Event "Titled Tuesday Blitz January 11 2022"]
[White "Nesterov, Arseniy"]
[Black "Gaehwiler, Gabriel"]
[WhiteFideId "24198455"]
[BlackFideId "1314530"]
[WhiteElo "2489"]
[BlackElo "2383"]
[Result "1-0"]
[Round "09"]
[TimeControl "180+1"]
[Date "2022.01.11"]
[WhiteClock "0:00:37"]
[BlackClock "0:00:01"]

1. d4 Nf6 2. c4 g6 3. Nc3 Bg7 4. e4 O-O 5. Be2 d6 6. Be3 e5 7. d5 h5 8. h3 Na6 9. Nf3 Nc5 10. Nd2 a5 11. g4 hxg4 12. hxg4 Nh7 13. Nb3 b6 14. Nxc5 bxc5 15. Bd3 Ng5 16. Qe2 Bf6 17. O-O-O Kg7 18. f4 exf4 19. Bxf4 Rh8 20. e5 dxe5 21. Bxe5 Bd7 22. Rxh8 Kxh8 23. Rf1 Bxe5 24. Qxe5+ Kg8 25. Rh1 f6 26. Qh2 Kf7 27. Qh6 Qg8 28. Rf1 Ke7 29. d6+ Kxd6 30. Rxf6+ Ne6 31. Qf4+ Ke7 32. Nd5+ Kd8 33. Qe5 Qe8 34. Bxg6 Qf8 35. Rxf8+ 1-0


[Site "https://www.chess.com"]

[Event "Titled Tuesday Blitz January 11 2022"]
[White "Pakleza, Zbigniew"]
[Black "Pinheiro, Iung Alicio de O."]
[WhiteFideId "1119290"]
[BlackFideId "2104350"]
[WhiteElo "2467"]
[BlackElo "2606"]
[Result "1-0"]
[Round "09"]
[TimeControl "180+1"]
[Date "2022.01.11"]
[WhiteClock "0:00:06"]
[BlackClock "0:00:06"]

1. d4 Nf6 2. Nf3 g6 3. Bf4 Bg7 4. e3 d6 5. h3 O-O 6. Be2 c5 7. c3 Be6 8. dxc5 dxc5 9. Qxd8 Rxd8 10. Nbd2 Nc6 11. a4 Nd5 12. Bg3 Na5 13. O-O Rac8 14. Rfd1 Nb6 15. Kf1 h6 16. Ke1 Nb3 17. Nxb3 Bxb3 18. Rxd8+ Rxd8 19. Nd2 Be6 20. a5 Nd5 21. Ra3 f5 22. e4 Nf6 23. f3 Nh5 24. Bh2 f4 25. Bc4 Kf7 26. Rb3 Rd7 27. Bg1 Rc7 28. Rb5 b6 29. axb6 axb6 30. Bxe6+ Kxe6 31. Rxb6+ Kf7 32. Nc4 Ra7 33. Bxc5 Ra1+ 34. Kd2 Ng3 35. Kc2 Rh1 36. Rb7 Bf8 37. Ne5+ Kf6 38. Nd7+ Kf7 39. Nxf8 Kxf8 40. Bxe7+ Ke8 41. Bd6 g5 42. c4 Rh2 43. c5 Rxg2+ 44. Kb3 Ne2 45. Be5 Nc1+ 46. Kc4 Rc2+ 47. Kd5 Nd3 48. Bd6 Rxb2 49. Rh7 Kd8 50. Ke6 Kc8 51. c6 1-0


[Site "https://www.chess.com"]

[Event "Titled Tuesday Blitz January 11 2022"]
[White "Papasimakopoulos, Alexandros"]
[Black "Migot, Tangi"]
[WhiteFideId "4244125"]
[BlackFideId "662445"]
[WhiteElo "2340"]
[BlackElo "2548"]
[Result "1-0"]
[Round "09"]
[TimeControl "180+1"]
[Date "2022.01.11"]
[WhiteClock "0:00:22"]
[BlackClock "0:00:09"]

1. d4 Nf6 2. c4 g6 3. Nc3 d5 4. Nf3 Bg7 5. cxd5 Nxd5 6. e4 Nxc3 7. bxc3 c5 8. Bb5+ Bd7 9. Be2 O-O 10. O-O Bg4 11. Be3 Qa5 12. Qb3 cxd4 13. cxd4 Nc6 14. Rad1 Qb4 15. d5 Qxb3 16. axb3 Ne5 17. Rc1 Rfc8 18. h3 Nxf3+ 19. Bxf3 Bxf3 20. gxf3 a6 21. Bb6 Bb2 22. Rc4 Rxc4 23. bxc4 Rc8 24. Rb1 Ba3 25. Be3 Rxc4 26. Rxb7 a5 27. Bh6 Rc8 28. Ra7 Bb4 29. Kg2 f6 30. Bf4 g5 31. Be3 Kf7 32. f4 gxf4 33. Bxf4 Ke8 34. Kf3 Rc3+ 35. Kg4 Rc2 36. Bg3 Rc4 37. Kf5 Kd8 38. f3 Bc3 39. Ke6 Bb4 40. h4 Rc3 41. h5 Rxf3 42. Ra8# 1-0


[Site "https://www.chess.com"]

[Event "Titled Tuesday Blitz January 11 2022"]
[White "Quispe Arteaga, Gabriel"]
[Black "Piorun, Kacper"]
[WhiteFideId "32059809"]
[BlackFideId "1130420"]
[WhiteElo "2229"]
[BlackElo "2571"]
[Result "0-1"]
[Round "09"]
[TimeControl "180+1"]
[Date "2022.01.11"]
[WhiteClock "0:00:02"]
[BlackClock "0:00:14"]

1. c4 Nf6 2. Nc3 g6 3. d4 Bg7 4. Nf3 O-O 5. e3 d6 6. Be2 Nbd7 7. O-O e5 8. b4 Re8 9. a4 e4 10. Nd2 Nf8 11. b5 h5 12. f3 exf3 13. Nxf3 Bf5 14. Bd3 Bxd3 15. Qxd3 a6 16. bxa6 Rxa6 17. Ra2 Ra8 18. h3 d5 19. Ne5 N8d7 20. Nxd7 Qxd7 21. Raf2 dxc4 22. Qxc4 Ra6 23. d5 Re7 24. e4 Ne8 25. Bg5 Nd6 26. Qd3 Re8 27. Bf6 Bxf6 28. Rxf6 Qe7 29. Qg3 Qe5 30. Qd3 Re7 31. Kh1 Rb6 32. Nb5 Nxe4 33. R6f3 Rf6 34. Qd4 Ng3+ 35. Kg1 Ne2+ 36. Kh1 Nxd4 37. Rxf6 Nxb5 38. axb5 Qxd5 0-1


[Site "https://www.chess.com"]

[Event "Titled Tuesday Blitz January 11 2022"]
[White "Rustemov, Alexander"]
[Black "Kalashian, David"]
[WhiteFideId "4119002"]
[BlackFideId "13302418"]
[WhiteElo "2818"]
[BlackElo "2490"]
[Result "0-1"]
[Round "09"]
[TimeControl "180+1"]
[Date "2022.01.11"]
[WhiteClock "0:00:02"]
[BlackClock "0:00:07"]

1. d4 Nf6 2. c4 g6 3. Nf3 Bg7 4. g3 d6 5. Bg2 O-O 6. Nc3 c5 7. O-O cxd4 8. Nxd4 Nc6 9. Nxc6 bxc6 10. Bxc6 Bh3 11. Bg2 Qc8 12. Qd3 Bxg2 13. Kxg2 Qc6+ 14. f3 Rfc8 15. b3 d5 16. Nxd5 Nxd5 17. cxd5 Qc2 18. Rb1 Qxd3 19. exd3 Bd4 20. a4 Rc2+ 21. Kh3 Rd8 22. Ba3 Rxd5 23. Bxe7 Rh5+ 24. Bh4 f5 25. f4 Bf6 26. Rfc1 Rf2 27. Rc8+ Kg7 28. Rc7+ Kh6 29. Re1 Bxh4 30. gxh4 Rxf4 31. Kg2 Rfxh4 32. Rh1 Rd4 33. Rxa7 Rxd3 34. Rb7 Rh4 35. Kf2 Re4 36. Re1 Rd2+ 37. Kf1 Rf4+ 38. Kg1 Rg4+ 39. Kh1 Rgg2 40. a5 Rxh2+ 41. Kg1 Rhg2+ 42. Kh1 Rh2+ 43. Kg1 f4 44. a6 f3 45. Ree7 Rhg2+ 46. Kf1 Rd1+ 47. Re1 Rdd2 48. Ree7 Ra2 0-1


[Site "https://www.chess.com"]

[Event "Titled Tuesday Blitz January 11 2022"]
[White "Safarli, Eltaj"]
[Black "Sadhwani, Raunak"]
[WhiteFideId "13402129"]
[BlackFideId "35093487"]
[WhiteElo "2634"]
[BlackElo "2616"]
[Result "0-1"]
[Round "09"]
[TimeControl "180+1"]
[Date "2022.01.11"]
[WhiteClock "0:00:10"]
[BlackClock "0:00:07"]

1. e4 e5 2. Nf3 Nc6 3. Bb5 Nge7 4. Nc3 Ng6 5. h4 Nd4 6. h5 Nf4 7. d3 Nxb5 8. Nxb5 c6 9. Bxf4 exf4 10. Nc3 d6 11. Qd2 Qf6 12. O-O-O g5 13. hxg6 hxg6 14. e5 dxe5 15. Ne4 Qg7 16. Qa5 b6 17. Qc3 c5 18. Nxe5 Bb7 19. Rhe1 O-O-O 20. d4 Rh5 21. g4 fxg3 22. Nxg3 Rh4 23. dxc5 Rxd1+ 24. Rxd1 Bxc5 25. Rd8+ Kxd8 26. Nc6+ Bxc6 27. Qxg7 Rf4 28. Ne2 Rxf2 29. Nd4 Bd7 30. Qe5 f6 31. Qe4 g5 32. Ne6+ Bxe6 33. Qxe6 Rf4 34. c3 a5 35. Kc2 g4 36. Kb3 a4+ 37. Kc2 f5 38. b4 axb3+ 39. axb3 Rf3 40. b4 Bf2 41. Kb3 Be3 42. Kc4 Bf4 43. Kb5 Re3 44. Qf7 Bc7 45. c4 Re7 46. Qf8+ Re8 47. Qxf5 Re5+ 48. Qxe5 Bxe5 49. Kxb6 g3 50. c5 g2 51. c6 g1=Q+ 52. Kb7 Qd4 53. b5 Qc5 54. b6 Bd6 55. Ka8 Qxc6+ 56. b7 Qa6# 0-1


[Site "https://www.chess.com"]

[Event "Titled Tuesday Blitz January 11 2022"]
[White "Santos Ruiz, Miguel"]
[Black "Budrewicz, Krzysztof"]
[WhiteFideId "22291482"]
[BlackFideId "1127950"]
[WhiteElo "2486"]
[BlackElo "2248"]
[Result "1-0"]
[Round "09"]
[TimeControl "180+1"]
[Date "2022.01.11"]
[WhiteClock "0:00:18"]
[BlackClock "0:00:11"]

1. e4 c5 2. Nf3 e6 3. d4 cxd4 4. Nxd4 Nc6 5. Nc3 a6 6. Be3 Nf6 7. f4 Bb4 8. Qd3 d5 9. e5 Nd7 10. Nb3 O-O 11. a3 Be7 12. Qd2 b5 13. Bd3 Bb7 14. Qf2 Rc8 15. Ne2 Na5 16. Nxa5 Qxa5+ 17. c3 Nc5 18. Bc2 Ne4 19. Qf3 f5 20. exf6 Bxf6 21. O-O h6 22. Ng3 Nxc3 23. bxc3 Rxc3 24. Qe2 Rxa3 25. Rxa3 Qxa3 26. Nh5 Qc3 27. Rc1 Qb2 28. Qd3 Kf7 29. Bb1 Rc8 30. Rxc8 Bxc8 31. Nxf6 Qxf6 32. Bd4 Qxf4 33. Qg6+ Ke7 34. Qxg7+ Kd6 35. Bd3 Qc1+ 36. Bf1 Qe1 37. Qa7 Qa5 38. Qc5+ Kd7 39. Be5 Qd8 40. Be2 Qe7 41. Qc7+ Ke8 42. Bh5+ Kf8 43. Bd6 1-0


[Site "https://www.chess.com"]

[Event "Titled Tuesday Blitz January 11 2022"]
[White "Seul, Georg"]
[Black "Shkapenko, Pavel"]
[WhiteFideId "4601653"]
[BlackFideId "4151933"]
[WhiteElo "2271"]
[BlackElo "2386"]
[Result "0-1"]
[Round "09"]
[TimeControl "180+1"]
[Date "2022.01.11"]
[WhiteClock "0:00:02"]
[BlackClock "0:00:16"]

1. e4 e5 2. Nc3 Nf6 3. f4 d5 4. fxe5 Nxe4 5. Qf3 Nc6 6. Bb5 Nxc3 7. dxc3 Qh4+ 8. g3 Qe4+ 9. Qxe4 dxe4 10. Bxc6+ bxc6 11. Be3 h5 12. h3 Be6 13. Ne2 O-O-O 14. Nd4 Bd7 15. Nb3 Re8 16. Bxa7 Rxe5 17. Be3 Rf5 18. Nd4 Rf6 19. O-O-O c5 20. Nb3 Rf3 21. Bxc5 Rxg3 22. h4 Bg4 23. Rd4 g6 24. Bxf8 Bf3 25. Bg7 Rg8 26. Be5 Rg4 27. Re1 Re8 28. Bf6 e3 29. Bg5 e2 30. Nd2 Bb7 31. Nc4 Bf3 32. Kd2 f5 33. Bf4 Rxh4 34. Ne5 Be4 35. Nxg6 Rg4 36. Rxe2 Rxg6 37. c4 Rg4 38. Bh2 h4 39. a4 h3 40. a5 Rg2 41. b4 Bf3 42. Rxg2 hxg2 43. Rd3 Rh8 0-1


[Site "https://www.chess.com"]

[Event "Titled Tuesday Blitz January 11 2022"]
[White "Shapkin, Anatoliy"]
[Black "Jary, Sergey"]
[WhiteFideId "34108332"]
[BlackFideId "14110350"]
[WhiteElo "2223"]
[BlackElo "2260"]
[Result "1-0"]
[Round "09"]
[TimeControl "180+1"]
[Date "2022.01.11"]
[WhiteClock "0:00:43"]
[BlackClock "0:01:33"]

1. d4 Nf6 2. c4 g6 3. Nc3 d5 4. Nf3 Bg7 5. cxd5 Nxd5 6. e4 Nb6 7. h3 O-O 8. Be3 Nc6 9. Be2 e5 10. d5 Ne7 11. O-O f5 12. Bc5 fxe4 13. Ng5 Nbxd5 14. Nxd5 Nxd5 15. Bxf8 Bxf8 16. Bc4 c6 17. Nxe4 Bg7 18. Qb3 b5 19. Bxd5+ Qxd5 20. Nc3 Qxb3 21. axb3 Kf7 22. Rfd1 Ke7 23. Ne4 a5 24. Rac1 Ra6 25. g4 Bh6 26. Rc3 Bf4 27. Rd6 h5 28. Rdxc6 Rxc6 29. Rxc6 Bd7 30. Rxg6 hxg4 31. hxg4 Kf7 32. Ra6 Bxg4 33. Rxa5 Be2 34. Nd6+ Ke6 35. Nxb5 Bd2 36. Nc3 Bd3 37. Rd5 e4 38. Nxe4 Kxd5 39. Nxd2 Kd4 40. Kg2 Be2 41. Kg3 Kd3 42. Nf3 Bd1 43. b4 Kc4 44. Ne5+ Kxb4 45. Kf4 Kb3 46. Nd3 Bh5 47. Ke3 Kc2 48. f4 Bg6 49. Ne5 Bf5 50. b4 Kc3 51. b5 Kb4 52. b6 Bc8 53. Kd4 Kb5 54. Nc4 Kc6 55. Ke5 Kc5 56. Nd6 Ba6 57. b7 1-0


[Site "https://www.chess.com"]

[Event "Titled Tuesday Blitz January 11 2022"]
[White "Siddharth, Jagadeesh"]
[Black "Ibrahimli, Murad"]
[WhiteFideId "5818320"]
[BlackFideId "13410229"]
[WhiteElo "2127"]
[BlackElo "2109"]
[Result "0-1"]
[Round "09"]
[TimeControl "180+1"]
[Date "2022.01.11"]
[WhiteClock "0:00:06"]
[BlackClock "0:00:37"]

1. d4 Nf6 2. c4 e6 3. Nf3 d5 4. Nc3 dxc4 5. e4 b5 6. e5 Nd5 7. Nxb5 Nb6 8. Be2 Bb7 9. O-O Be7 10. Qd2 Qd7 11. Nc3 Nc6 12. Rd1 Nb4 13. b3 cxb3 14. axb3 O-O 15. Qf4 N4d5 16. Nxd5 Nxd5 17. Qd2 Bb4 18. Qc2 Nc3 19. Ng5 Nxe2+ 20. Qxe2 h6 21. Ne4 Qd5 22. f3 Kh8 23. Bxh6 f5 24. Bd2 fxe4 25. Bxb4 exf3 26. Qf2 Rf5 27. g3 a5 28. Bc5 Qxb3 29. Rdb1 Qd5 30. Ra3 a4 31. Rb4 Bc6 32. Rb2 Rd8 33. Rd2 Rxe5 34. g4 Re4 35. Qh4+ Kg8 36. Rxf3 Re1+ 37. Qxe1 Qxf3 38. Qxe6+ Kh8 39. Qf5 Qh1+ 40. Kf2 Qg2+ 41. Ke1 Qg1+ 42. Ke2 Re8+ 43. Kd3 Be4+ 44. Qxe4 Qb1+ 0-1


[Site "https://www.chess.com"]

[Event "Titled Tuesday Blitz January 11 2022"]
[White "Sipetin, Vladislav"]
[Black "Jones, Gawain C B"]
[WhiteFideId "24176893"]
[BlackFideId "409561"]
[WhiteElo "2228"]
[BlackElo "2657"]
[Result "1-0"]
[Round "09"]
[TimeControl "180+1"]
[Date "2022.01.11"]
[WhiteClock "0:00:28"]
[BlackClock "0:00:13"]

1. e4 c6 2. Nf3 g6 3. d4 Bg7 4. c3 d6 5. Bd3 Nf6 6. O-O Bg4 7. Nbd2 O-O 8. h3 Bxf3 9. Nxf3 Nbd7 10. a4 e5 11. dxe5 Nxe5 12. Nxe5 dxe5 13. Bc2 a5 14. Be3 Qe7 15. Qe2 Nd7 16. Rfd1 Nc5 17. Rd2 Rfd8 18. Rad1 Ne6 19. Bb3 Rxd2 20. Rxd2 Nc5 21. Bxc5 Qxc5 22. Rd7 b5 23. Qf3 Rf8 24. Rxf7 Kh8 25. h4 bxa4 26. Bxa4 h5 27. g3 Kh7 28. Kg2 Rxf7 29. Qxf7 Qd6 30. Qb7 c5 31. Qa7 Qd3 32. Bc6 Qc2 33. Qxa5 Qxb2 34. Qxc5 Kh6 35. Bd5 Qd2 36. Qc6 Kh7 37. Bf7 Qh6 38. Qe6 g5 39. Qf5+ Kh8 40. Qxg5 Qxg5 41. hxg5 Bf8 42. Bxh5 Ba3 43. f4 Bb2 44. c4 Kg7 45. Kf3 Ba3 46. Kg4 Kf8 47. Kf5 Bb2 48. c5 Ke7 49. c6 Kd6 50. g6 exf4 51. gxf4 Bh8 52. e5+ Kxc6 53. Ke6 1-0


[Site "https://www.chess.com"]

[Event "Titled Tuesday Blitz January 11 2022"]
[White "Sjugirov, Sanan"]
[Black "Moroni, Luca Jr"]
[WhiteFideId "4189302"]
[BlackFideId "865834"]
[WhiteElo "2602"]
[BlackElo "2573"]
[Result "1-0"]
[Round "09"]
[TimeControl "180+1"]
[Date "2022.01.11"]
[WhiteClock "0:00:04"]
[BlackClock "0:00:03"]

1. e4 e5 2. Nf3 d6 3. d4 exd4 4. Qxd4 Nf6 5. Nc3 Be7 6. Bg5 O-O 7. O-O-O h6 8. Bf4 Nc6 9. Qd2 Be6 10. h3 Nd7 11. Nd5 Bxd5 12. exd5 Nce5 13. Nxe5 Nxe5 14. Be3 Bf6 15. f4 Nd7 16. g4 Re8 17. Rg1 Qe7 18. Bf2 Nc5 19. g5 hxg5 20. fxg5 Be5 21. Bxc5 dxc5 22. c3 Qd6 23. Rg4 g6 24. h4 Bg7 25. Kb1 Re5 26. c4 Rae8 27. Bd3 Re3 28. a3 Qe5 29. Qc2 Re1 30. Rxe1 Qxe1+ 31. Ka2 Re3 32. h5 gxh5 33. Rg2 h4 34. Bh7+ Kf8 35. Qf5 Re2 36. g6 f6 37. Qc8+ Re8 38. Qxc7 Qe7 39. Qf4 Qe5 40. Qxh4 b5 41. d6 Qxd6 42. Qg4 bxc4 43. Qxc4 Qe6 44. Rc2 Qxc4+ 45. Rxc4 Re5 46. Ra4 Re7 47. Ra5 Rc7 48. Rb5 f5 49. Rb8+ Ke7 50. Bg8 Kf6 51. Bf7 f4 52. Rb3 Kg5 53. Rd3 Rb7 54. b3 Rc7 55. Rd5+ Kg4 56. Be6+ Kf3 57. Rf5 Ke4 58. Rf7 Ke5 59. Rxc7 Kxe6 60. Rxg7 1-0


[Site "https://www.chess.com"]

[Event "Titled Tuesday Blitz January 11 2022"]
[White "Supatashvili, Khvicha"]
[Black "Sokolin, Leonid"]
[WhiteFideId "13600664"]
[BlackFideId "2009161"]
[WhiteElo "2693"]
[BlackElo "2394"]
[Result "1-0"]
[Round "09"]
[TimeControl "180+1"]
[Date "2022.01.11"]
[WhiteClock "0:00:12"]
[BlackClock "0:00:05"]

1. e4 c5 2. Nf3 Nc6 3. Bb5 g6 4. Bxc6 bxc6 5. O-O Bg7 6. Re1 Qc7 7. d3 e5 8. c3 Ne7 9. d4 cxd4 10. cxd4 d6 11. dxe5 dxe5 12. Nc3 O-O 13. b3 Ba6 14. Ba3 Rfd8 15. Qc1 Rac8 16. Bc5 Rd3 17. Rd1 Rxd1+ 18. Qxd1 Rd8 19. Qe1 h6 20. Rd1 Rxd1 21. Nxd1 Qd7 22. Qd2 Qxd2 23. Nxd2 Nc8 24. Ne3 Nb6 25. f3 Bc8 26. Ndc4 Nxc4 27. Nxc4 a6 28. Nb6 Be6 29. Na4 f5 30. Bd6 fxe4 31. fxe4 Kf7 32. Nc5 Bc8 33. Kf2 g5 34. Ke3 h5 35. b4 h4 36. g3 Kf6 37. a4 Bh6 38. Nd3 g4+ 39. Ke2 a5 40. Bxe5+ Ke6 41. Bf4 Bf8 42. bxa5 h3 43. Be3 Ba6 44. Kd2 Bd6 45. Nf2 Bc7 46. Bb6 Bd6 47. Nxg4 Bb4+ 48. Ke3 Bc4 49. Nf2 1-0


[Site "https://www.chess.com"]

[Event "Titled Tuesday Blitz January 11 2022"]
[White "Svane, Frederik"]
[Black "Daneshvar, Bardiya"]
[WhiteFideId "12923044"]
[BlackFideId "12576468"]
[WhiteElo "2459"]
[BlackElo "2295"]
[Result "0-1"]
[Round "09"]
[TimeControl "180+1"]
[Date "2022.01.11"]
[WhiteClock "0:00:01"]
[BlackClock "0:00:19"]

1. e4 c6 2. d4 d5 3. exd5 cxd5 4. Nf3 Nf6 5. c3 Nc6 6. Ne5 Qc7 7. Bf4 Qb6 8. Qb3 Nh5 9. Be3 e6 10. Be2 Nf6 11. Nd2 Nd7 12. Nd3 Bd6 13. O-O O-O 14. Nf3 Na5 15. Qc2 Qc7 16. Rfe1 b6 17. Bf1 Ba6 18. Nfe5 Bxe5 19. dxe5 Bxd3 20. Bxd3 g6 21. Bh6 Rfc8 22. Qe2 Nc4 23. Bf4 b5 24. h4 Nc5 25. Bb1 Na4 26. Bg5 Ncxb2 27. Bf6 Qxc3 28. h5 Nc4 29. Bd3 Nc5 30. hxg6 Qxd3 31. gxf7+ Kxf7 32. Qh5+ Qg6 33. Qh3 Nd3 34. Red1 Nf4 35. Qf3 Qf5 36. Kf1 Rg8 37. g3 Qh3+ 38. Kg1 Rg4 0-1


[Site "https://www.chess.com"]

[Event "Titled Tuesday Blitz January 11 2022"]
[White "Svane, Rasmus"]
[Black "Rasulov, Vugar"]
[WhiteFideId "4657101"]
[BlackFideId "13402390"]
[WhiteElo "2645"]
[BlackElo "2560"]
[Result "1-0"]
[Round "09"]
[TimeControl "180+1"]
[Date "2022.01.11"]
[WhiteClock "0:00:32"]
[BlackClock "0:00:46"]

1. Nf3 b6 2. g3 Bb7 3. Bg2 g6 4. O-O Bg7 5. d4 Nf6 6. c4 O-O 7. Re1 d5 8. cxd5 Nxd5 9. e4 Nf6 10. Nc3 e6 11. Bf4 Na6 12. Qe2 c5 13. Rad1 Nh5 14. Bg5 Qb8 15. d5 exd5 16. exd5 h6 17. Be7 Nb4 18. d6 Ba6 19. Qd2 Nc6 20. Bxf8 Qxf8 21. d7 Rd8 22. Qd6 Nd4 23. Qxf8+ Kxf8 24. Nxd4 cxd4 25. Bc6 Nf6 26. Rxd4 b5 27. Rd6 b4 28. Nd5 1-0


[Site "https://www.chess.com"]